 Dungeon Crawl Stone Soup version 0.25-a0-930-g9f5dfa9815 (webtiles) character file.

Game seed: 3452598408388410582, levelgen mode: deterministic

10215 Hasart the Carver (level 11, -1/77 HPs)
             Began as an Octopode Fighter on May 3, 2020.
             Was an Initiate of Gozag.
             Slain by a yak (14 damage)
             ... on level 9 of the Dungeon.
             The game lasted 00:23:31 (12304 turns).

Hasart the Carver (Octopode Fighter)               Turns: 12304, Time: 00:23:32

Health: -1/77      AC:  2    Str: 19    XL:     11   Next: 58%
Magic:  11/11      EV: 15    Int: 11    God:    Gozag
Gold:   824        SH: 11    Dex: 11    Spells: 10/10 levels left

rFire    . . .     SeeInvis +   a - +5 long sword (freeze) (curse)
rCold    . . .     Gourm    .   b - +0 kite shield
rNeg     + . .     Faith    .   D - +1 hat {SInv}
rPois    .         Spirit   .   (no amulet)
rElec    .         Reflect  .   p - ring of positive energy
rCorr    .         Harm     .   (no ring)
MR       .....                  (no ring)
Stlth    ++........             (no ring)
HPRegen  0.22/turn              (no ring)
MPRegen  0.12/turn              (no ring)
                                (no ring)
                                (no ring)

@: no status effects
A: almost no armour, stealthy swim, amphibious, 8 rings, constrict 8, camouflage
1, gelatinous body 1
a: Potion Petition, Call Merchant, Bribe Branch, Renounce Religion


You were on level 9 of the Dungeon.
You worshipped Gozag.
Gozag was pleased with you.
You were not hungry.

You visited 1 branch of the dungeon, and saw 10 of its levels.

You collected 1564 gold pieces.
You paid 740 gold pieces to Gozag.

Inventory:

Hand Weapons
 a - a cursed +5 long sword of freezing (weapon)
 H - a +0 scimitar of holy wrath
Missiles
 g - 20 poisoned darts (quivered)
 A - 6 silver javelins
Armour
 b - a +0 kite shield (worn)
 D - a +1 hat of see invisible (worn)
Jewellery
 p - a ring of positive energy (left tentacle)
Wands
 o - a wand of digging (7)
 q - a wand of random effects (3)
 u - a wand of iceblast (12)
 z - a wand of disintegration (5)
 E - a wand of flame (11)
Scrolls
 e - 6 scrolls of teleportation
 h - 12 scrolls of identify
 i - 2 scrolls of fog
 l - a scroll of enchant weapon {unknown}
 n - 3 scrolls of fear {unknown}
 t - a scroll of noise {unknown}
 x - 2 scrolls of remove curse
 y - a scroll of amnesia {unknown}
 C - a scroll of blinking {unknown}
 F - a scroll of summoning {unknown}
Potions
 c - 2 potions of might
 f - 2 potions of resistance
 j - a potion of ambrosia {unknown}
 k - a potion of haste
 m - 4 potions of lignification {unknown}
 r - a potion of heal wounds {unknown}
 s - 2 potions of invisibility {unknown}
 v - a potion of berserk rage {unknown}
 w - 3 potions of degeneration {unknown}
 B - a potion of cancellation {unknown}
Comestibles
 d - 8 rations


   Skills:
 + Level 8.0 Fighting
 * Level 10.7 Long Blades
 + Level 6.9 Throwing
 + Level 8.0 Dodging
 + Level 8.0 Shields


You had 10 spell levels left.
You didn't know any spells.
Your spell library contained the following spells:

 Spells                   Type           Power        Failure   Level  Hunger
 Animate Skeleton         Necr           N/A          65%         1    ##.....
 Apportation              Tloc           #.....       65%         1    ##.....
 Corona                   Hex            #......      65%         1    ##.....
 Summon Small Mammal      Summ           #...         65%         1    ##.....
 Ensorcelled Hibernation  Hex/Ice        #.....       78%         2    ###....
 Confusing Touch          Hex            #.......     95%         3    ####...
 Dazzling Flash           Conj/Hex       #.....       95%         3    ####...
 Tukima's Dance           Hex            #.......     95%         3    ####...


Dungeon Overview and Level Annotations

Branches:
Dungeon (10/15)            Temple (0/1) D:6             Orc (0/2) D:9
   Lair: D:8-11

Altars:
Gozag
Ru

Shops:
D:6 [   D:8 %   D:9 (

Annotations:
D:6 1 runed translucent door, Crazy Yiuf
D:8 1 runed translucent door, Thantalas's ghost, journeyman GnMo


Innate Abilities, Weirdness & Mutations

You cannot wear most types of armour.
You are very stealthy in the water. (Stealth+)
You are amphibious.
You can wear up to eight rings at the same time.
You can use your tentacles to constrict eight enemies at once.
Your skin changes colour to match your surroundings (Stealth+).
Your rubbery body absorbs attacks. (AC +1, EV +1)


Message History

You see here 12 stones.
You block the yak's attack.
Things that are here:
a +0 robe; a +2 dagger of venom
There is a stone staircase leading up here.
The yak gores you!
* * * LOW HITPOINT WARNING * * *
You climb upwards.
There is a stone staircase leading down here.
You barely miss the yak.
The yak is heavily wounded.
The yak gores you.
* * * LOW HITPOINT WARNING * * *
You slash the yak! You freeze the yak.
The yak is almost dead.
Your shield prevents you from hitting the yak.
The yak is almost dead.
The yak gores you!
You die...
Your body crumbles into a pile of gold.

.....#......#.........#........##
.....#......#.........#........'.
.....+......+.........#........#.
.##..#......###+#######........##
.#####....####..........####.....
.....#....#..#..........#..#..>..
.....[....#..#..........#..#.....
.....#....#..#...Y......#..'.(...
###..#....'..#..@.......#..#.....
..#..#[...#..#..........#..#.....
..#..#....####.......<..#'##.....
..#..#....)......#####+##.####'##
..'..#...........'...#...........
..####..........=#...#...........
#...........(....##############'#
#.........####...................
#.........#..'...................


You could see a yak.

Vanquished Creatures
  Gastronok (D:8)
  Erolcha (D:10)
  Harold (D:10)
  2 two-headed ogres (D:9)
  Pikel (D:5)
  A troll (D:9)
  Grinder (D:5)
  A spriggan (D:7)
  3 yaks
  Menkaure (D:6)
  A water moccasin (D:6)
  A porcupine (D:10)
  A black bear (D:7)
  3 ice beasts
  4 orc warriors
  3 sky beasts
  4 ogres
  A slave (D:5)
  2 phantoms
  4 centaurs (D:9)
  A gnoll sergeant (D:9)
  4 bullfrogs
  A wyvern skeleton (D:5)
  A scorpion (D:7)
  4 killer bees (D:9)
  8 howler monkeys
  5 wights (D:10)
  4 crimson imps
  A bullfrog zombie (D:7)
  2 jellies
  7 hounds
  An orc priest (D:6)
  A gnoll shaman (D:8)
  4 iguanas
  5 orc wizards
  4 worker ants
  A killer bee zombie (D:7)
  A hound zombie (D:6)
  A hound skeleton (D:8)
  A howler monkey zombie (D:5)
  11 gnolls
  A howler monkey skeleton (D:4)
  11 adders
  A shadow imp (D:9)
  2 oozes (D:2)
  An adder zombie (D:8)
  3 dart slugs
  3 leopard geckos
  25 orcs
  3 ball pythons
  A giant cockroach (D:2)
  5 goblins
  7 hobgoblins
  12 jackals
  2 quokkas
  15 bats
  5 frilled lizards
  3 kobolds
  A leopard gecko skeleton (D:2)
  A quokka zombie (D:6)
  4 rats
211 creatures vanquished.

Vanquished Creatures (others)
  A sky beast (D:5)
  2 quokkas (D:5)
  2 fungi (D:10)
  6 plants
11 creatures vanquished.

Grand Total: 222 creatures vanquished

Notes
Turn   | Place    | Note
-------+----------+-------------------------------------------
     0 | D:1      | Hasart the Octopode Fighter began the quest for the Orb.
     0 | D:1      | Reached XP level 1. HP: 16/16 MP: 1/1
   244 | D:1      | Reached XP level 2. HP: 21/21 MP: 2/2
   716 | D:2      | Reached XP level 3. HP: 21/26 MP: 3/3
  1104 | D:2      | Reached skill level 3 in Long Blades
  1357 | D:2      | Reached XP level 4. HP: 31/31 MP: 4/4
  1817 | D:3      | Found a sacrificial altar of Ru.
  2064 | D:3      | Reached XP level 5. HP: 24/36 MP: 5/5
  2986 | D:4      | Reached skill level 4 in Long Blades
  2986 | D:4      | Reached XP level 6. HP: 43/43 MP: 6/6
  3156 | D:4      | Reached skill level 1 in Throwing
  3168 | D:4      | HP: 2/43 [something (3)]
  3861 | D:5      | Entered Level 5 of the Dungeon
  3897 | D:5      | Reached XP level 7. HP: 48/48 MP: 7/7
  3947 | D:5      | Found an opulent altar of Gozag.
  3964 | D:5      | Noticed Grinder
  3974 | D:5      | Killed Grinder
  3974 | D:5      | Reached skill level 5 in Long Blades
  4067 | D:5      | Became a worshipper of Gozag Ym Sagoz the Greedy
  4497 | D:5      | Noticed Pikel
  4511 | D:5      | Killed Pikel
  4511 | D:5      | Reached skill level 5 in Fighting
  4511 | D:5      | Reached skill level 6 in Long Blades
  4511 | D:5      | Reached skill level 5 in Dodging
  4511 | D:5      | Reached skill level 5 in Shields
  4511 | D:5      | Reached XP level 8. HP: 27/55 MP: 8/8
  5146 | D:6      | Found a staircase to the Ecumenical Temple.
  5432 | D:6      | Noticed Menkaure
  5446 | D:6      | Killed Menkaure
  5681 | D:6      | Found Bunoupal's Armour Shop.
  5742 | D:6      | Reached XP level 9. HP: 61/61 MP: 9/9
  5807 | D:6      | Reached skill level 7 in Long Blades
  6410 | D:6      | Found a runed translucent door.
  6411 | D:6      | Noticed Crazy Yiuf
  7149 | D:7      | Reached skill level 8 in Long Blades
  7826 | D:8      | Noticed Gastronok
  7875 | D:7      | Reached skill level 5 in Throwing
  7875 | D:7      | Reached XP level 10. HP: 11/69 MP: 10/10
  8802 | D:8      | Killed Gastronok
  8802 | D:8      | Reached skill level 9 in Long Blades
  8916 | D:8      | Found a runed translucent door.
  8920 | D:8      | Noticed Thantalas's ghost (journeyman GnMo)
  8920 | D:8      | Identified the +5 trident "Lifebane" {speed, rElec rF+
                  | Int-4}
  9250 | D:9      | Found Bugoeche's Weapon Emporium.
  9250 | D:9      | Found a staircase to the Orcish Mines.
  9345 | D:9      | Noticed a two-headed ogre
  9362 | D:9      | Killed a two-headed ogre
  9761 | D:9      | Reached XP level 11. HP: 47/75 MP: 11/11
  9988 | D:9      | Reached skill level 10 in Long Blades
 10379 | D:9      | Noticed a two-headed ogre
 10389 | D:9      | Killed a two-headed ogre
 11372 | D:10     | Entered Level 10 of the Dungeon
 11384 | D:10     | Noticed Erolcha
 11389 | D:10     | Paralysed by Erolcha for 2 turns
 11406 | D:10     | HP: 1/76 [worker ant (7)]
 11809 | D:10     | Killed Erolcha
 12187 | D:10     | Noticed Harold
 12200 | D:10     | Killed Harold
 12304 | D:9      | Slain by a yak

Levels and vault maps discovered:
D:1:      saegor_arrival_simple_c, layout_loops_ring
D:2:      layout_basic, corexii_hall_statues_x
D:3:      layout_basic, first_ration, nicolae_ru_awakened_eye
D:4:      layout_basic
D:5:      layout_loops_ring, nicolae_gozag_seed_capital, uniq_grinder,
          uniq_pikel
D:6:      layout_loops_corners, minmay_temple_entry_sparse_star, serial_shops,
          nicolae_shop_crystal, kennysheep_opposing_triangles,
          uniq_crazy_yiuf_cottage, uniq_menkaure
D:7:      layout_basic, the_bakery
D:8:      layout_rooms, ebering_ghost_funeral_grove, uniq_gastronok
D:9:      layout_gridville, orc_david_3
D:10:     layout_basic, minmay_lair_entry_grove, uniq_erolcha, uniq_josephine,
          uniq_erica, uniq_harold

Skill      XL: |  1  2  3  4  5  6  7  8  9 10 11 |
---------------+----------------------------------+-----
Long Blades    | 3 4 6 8 9 10 | 10.7
Fighting       | 4 5 6 7 8 |  8.0
Dodging        | 4 5 6 7 8 |  8.0
Throwing       | 1 3 5 6 |  6.9
Shields        | 4 5 6 7 8 |  8.0

Action                   |  1- 3 |  4- 6 |  7- 9 | 10-12 || total
-------------------------+-------+-------+-------+-------++-------
Melee: Long sword        |    57 |    92 |   155 |   261 ||   565
       Constrict         |    15 |    26 |    32 |    44 ||   117
       Tentacles         |    10 |    22 |    46 |    73 ||   151
Throw: Dart              |       |     9 |    61 |    36 ||   106
Invok: Call Merchant     |       |       |       |     1 ||     1
       Potion Petition   |       |       |       |     1 ||     1
Evoke: Wand              |       |       |     1 |       ||     1
  Use: Scroll            |       |     5 |       |       ||     5
 Stab: Sleeping          |    14 |     9 |     2 |     1 ||    26
       Distracted        |       |       |     2 |       ||     2
  Eat: Chunk             |     1 |     8 |     1 |       ||    10
       Ration            |       |       |     3 |     5 ||     8
Armor: Skin              |     9 |    11 |     8 |     4 ||    32
Dodge: Dodged            |    26 |    39 |    53 |   122 ||   240
Block: Kite shield       |    25 |    34 |    56 |   103 ||   218
       Rpst.: Long sword |    11 |    11 |    19 |    37 ||    78

Table legend:
 A = Non-vault XP
 B = Vault XP
 C = Vault XP percentage of total XP
 D = Non-vault monster count
 E = Vault monster count
 F = Vault count percentage of total count
                 A         B        C        D         E       F
            +---------+---------+-------+---------+---------+-------
      Total |    8713 |    5881 |  40.3 |     194 |      16 |   7.6
            +---------+---------+-------+---------+---------+-------
        D:1 |      22 |       0 |   0.0 |      15 |       0 |   0.0
        D:2 |      77 |       0 |   0.0 |      24 |       0 |   0.0
        D:3 |      83 |       0 |   0.0 |      20 |       0 |   0.0
        D:4 |     397 |       0 |   0.0 |      19 |       0 |   0.0
        D:5 |     406 |     902 |  69.0 |      10 |       2 |  16.7
        D:6 |     887 |     209 |  19.1 |      21 |       3 |  12.5
        D:7 |    1309 |     211 |  13.9 |      16 |       1 |   5.9
        D:8 |     771 |    2182 |  73.9 |      20 |       1 |   4.8
        D:9 |    4160 |     157 |   3.6 |      38 |       6 |  13.6
       D:10 |     601 |    2220 |  78.7 |      11 |       3 |  21.4
            +---------+---------+-------+---------+---------+-------
